 Dungeon Crawl Stone Soup version 0.28.0 (webtiles) character file.

Game seed: 15926548486976964915

14 KittyKat the Slasher (level 2, 22/22 HPs)
             Began as a Demonspawn Gladiator on Feb 12, 2022.
             Was a Follower of Qazlal.
             Got out of the dungeon alive.
             The game lasted 00:02:37 (394 turns).

KittyKat the Slasher (Demonspawn Gladiator)          Turns: 394, Time: 00:02:38

Health: 22/22      AC:  5    Str: 14    XL:     2   Next: 31%
Magic:  2/2        EV: 12    Int:  9    God:    Qazlal [*.....]
Gold:   9          SH:  1    Dex: 14    Spells: 1/1 levels left

rFire   . . .      SeeInvis .   a - +0 long sword
rCold   . . .      Faith    .   (no shield)
rNeg    . . .      Spirit   .   b - +0 leather armour
rPois   .          Reflect  .   c - +0 helmet
rElec   .          Harm     .   (no cloak)
rCorr   .          Rampage  .   (no gloves)
Will    .....                   f - +0 pair of boots
Stlth   +.........              (no amulet)
HPRegen 0.07/turn               (no ring)
MPRegen 0.08/turn               (no ring)

@: no status effects
A: sturdy frame 1
a: Renounce Religion


You escaped.
You worshipped Qazlal.
Qazlal was aware of your devotion.
You visited 1 branch of the dungeon, and saw 1 of its levels.

You collected 9 gold pieces.

Inventory:

Hand Weapons
 a - a +0 long sword (weapon)
Missiles
 d - 3 throwing nets (quivered)
Armour
 b - a +0 leather armour (worn)
 c - a +0 helmet (worn)
 f - a +0 pair of boots (worn)
Potions
 e - a potion of lignification {unknown}
 g - a potion of flight {unknown}


   Skills:
 + Level 2.2 Fighting
 + Level 3.0 Long Blades
 + Level 1.9 Throwing
 + Level 2.9 Dodging


You had one spell level left.
You didn't know any spells.
Your spell library was empty.

Dungeon Overview and Level Annotations

Branches:
Dungeon (1/15)

Altars:
Qazlal


Innate Abilities, Weirdness & Mutations

Your movements are slightly less encumbered by armour. (ER -2)


Message History

HP restored.
There is an open door here.
A giant cockroach comes into view.
You see here a lumpy white potion.
You hit the giant cockroach.
You kill the giant cockroach!
You see here a giant cockroach corpse.
A dart slug comes into view.
The dart slug launches a dart at you. The slug dart hits you.
You see here a giant cockroach corpse.
You slash the dart slug!
The dart slug is almost dead.
You hit the dart slug.
You kill the dart slug!
You see here a giant cockroach corpse.
g - a lumpy white potion Welcome back, KittyKat the Demonspawn Gladiator.
Press ? for a list of commands and other information.
There is an open door here.
There is an open door here.
HP restored.
The golden eye turns its gaze towards you.
The golden eye turns its gaze towards you. x2
The eye of devastation turns its gaze towards you.
The golden eye pulsates ominously.
The golden eye pulsates ominously.
There is a faded altar of an unknown god here.
You cannot tell which god this altar belongs to.
Convert to them anyway? [Y]es or [N]o only, please.
You cannot tell which god this altar belongs to.
Convert to them anyway?
Qazlal accepts your prayer! Qazlal welcomes you!
Qazlal grants you and your divine allies immunity to clouds.
You are now surrounded by a storm.
There is a stone staircase leading down here.
There is a stone staircase leading down here.
There is a staircase leading out of the dungeon here.
Are you sure you want to leave the Dungeon?
This will make you lose the game!
You have escaped!

#.. #.## #+# #.# ###
#.## ####.# ##.###...
..##.# ##...##.##
#.##.# ####........##
#.##.#
.............####.##.#
#........○.........#
#.##..##>#@#..##.###
#.....###.##...÷.#
#.##†## #####.##.#
#.>### ###>.#
#.##.##### ##.##.#
#.....##.###.....#
#.##..#.#>##..##.#
#................#
########.#########


There were no monsters in sight!

Vanquished Creatures
  A dart slug (D:1)
  2 ball pythons (D:1)
  2 giant cockroaches (D:1)
  A hobgoblin (D:1)
  A quokka (D:1)
  2 frilled lizards (D:1)
  A kobold (D:1)
  3 rats (D:1)
13 creatures vanquished.

Notes
Turn   | Place    | Note
-------+----------+-------------------------------------------
     0 | D:1      | KittyKat the Demonspawn Gladiator began the quest for the
                  | Orb.
     0 | D:1      | Reached XP level 1. HP: 16/16 MP: 1/1
   118 | D:1      | Noticed a golden eye
   120 | D:1      | Found a faded altar of an unknown god.
   122 | D:1      | Noticed a golden eye
   122 | D:1      | Noticed a golden eye
   122 | D:1      | Noticed an eye of devastation
   156 | D:1      | Reached skill level 3 in Long Blades
   156 | D:1      | Gained mutation: Your movements are slightly less
                  | encumbered by armour. (ER -2) [demonic ancestry]
   156 | D:1      | Reached XP level 2. HP: 19/22 MP: 2/2
   314 | D:1      | Prayed at the altar of an unknown god.
   314 | D:1      | Became a worshipper of Qazlal Stormbringer
   314 | D:1      | Reached * piety under Qazlal
   394 | D:$      | Got out of the dungeon alive.

Illustrated notes

Levels and vault maps discovered:
D:1:      onia_arrival_handbag, layout_loops_corners,
          hellmonk_ecumenical_altar_watching_god

Skill      XL: |  1 |
---------------+----+-----
Long Blades    | 3 |  3.0
Fighting       | |  2.2
Throwing       | |  1.9
Dodging        | |  2.9

Action                   || total
-------------------------++-------
Melee: Long sword        ||    38
 Stab: Sleeping          ||     1
Armor: Leather armour    ||    10
Dodge: Dodged            ||    26
